 Dungeon Crawl Stone Soup version 0.26-a0-504-g0cf6470 (webtiles) character file.

Game seed: 13956325064475888076

11751 Belboz the Severer (level 11, -2/90 HPs)
             Began as a Deep Dwarf Fighter on Aug 8, 2020.
             Was an Elder of Makhleb.
             Slain by a tentacled starspawn (13 damage)
             ... on level 1 of the Abyss.
             The game lasted 00:23:21 (8981 turns).

Belboz the Severer (Deep Dwarf Fighter)             Turns: 8981, Time: 00:23:22

Health: -2/90      AC: 12    Str: 21    XL:     11   Next: 53%
Magic:  10/10      EV:  7    Int:  9    God:    Makhleb [****..]
Gold:   778        SH:  7    Dex: 20    Spells: 10/10 levels left

rFire    . . .     SeeInvis .   c - +8 hand axe of the Fox {drain, MR++}
rCold    . . .     Faith    .   v - +0 buckler
rNeg     . . .     Spirit   .   D - +1 chain mail {MR+}
rPois    .         Reflect  .   e - +1 helmet
rElec    .         Harm     .   (no cloak)
rCorr    .                      (no gloves)
MR       +++++                  (no boots)
Stlth    ..........             (no amulet)
HPRegen  0.00/turn              x - +6 ring of dexterity
MPRegen  0.12/turn              l - ring of protection from magic

@: non-regenerating, lightly drained
A: damage resistance, heal wounds, sense surroundings 2, no regeneration
a: Heal Wounds, Minor Destruction, Lesser Servant of Makhleb, Major Destruction,
Renounce Religion


You were on level 1 of the Abyss.
You worshipped Makhleb.
Makhleb was greatly pleased with you.
You visited 2 branches of the dungeon, and saw 12 of its levels.
You visited the Abyss 1 time.
You also visited: Ossuary.

You collected 778 gold pieces.

Inventory:

Hand Weapons
 a - a +2 eveningstar of holy wrath
 b - a +2 hand axe of electrocution
 c - the +8 hand axe of the Fox (weapon) {drain, MR++}
   (You took it off an orc priest on level 11 of the Dungeon)

   A truly terrible weapon, it drains the life of those it strikes.
   It affects your resistance to hostile enchantments.
 m - a +2 vorpal trident
 L - a +0 battleaxe of venom
 T - a +0 war axe
 X - a +4 hand axe
Missiles
 A - 27 poisoned darts (quivered)
 O - 5 throwing nets
 U - 7 javelins
Armour
 e - a +1 helmet (worn)
 v - a +0 buckler (worn)
 D - a +1 chain mail of magic resistance (worn)
 N - a +0 tower shield
 Y - a +0 kite shield
Jewellery
 i - an uncursed ring of stealth
 l - a ring of protection from magic (right hand)
 r - an uncursed ring of wizardry
 t - an uncursed ring of stealth
 x - a +6 ring of dexterity (left hand)
 M - an uncursed ring of protection from magic
 W - a cursed -4 ring of protection {unknown}
Wands
 f - a wand of random effects (35)
 y - a wand of iceblast (7)
 K - a wand of disintegration (13)
 R - a wand of flame (19)
 S - a wand of paralysis (7)
 V - a wand of polymorph (4)
Scrolls
 g - 4 scrolls of amnesia
 h - 4 scrolls of teleportation
 p - a scroll of immolation
 w - 2 scrolls of identify
 z - 2 scrolls of fog
 B - a scroll of silence
 C - a scroll of noise {unknown}
 E - 2 scrolls of enchant weapon {unknown}
 G - 3 scrolls of blinking {unknown}
 I - a scroll of magic mapping
 P - a scroll of enchant armour
 Q - 2 scrolls of random uselessness {unknown}
Potions
 d - 4 potions of might
 j - 10 potions of heal wounds
 k - 5 potions of curing
 n - 4 potions of flight {unknown}
 o - 3 potions of cancellation {unknown}
 q - 2 potions of degeneration {unknown}
 s - 4 potions of haste
 u - 2 potions of brilliance
 F - a potion of lignification
 H - a potion of ambrosia
 J - 4 potions of invisibility
 Z - a potion of mutation {unknown}


   Skills:
 - Level 3.0(2.4) Fighting
 - Level 16.0(15.3) Axes
 + Level 2.5(9.6) Maces & Flails
 - Level 5.0(4.4) Armour
 + Level 7.9(7.3) Shields
 + Level 8.1(7.5) Invocations


You had 10 spell levels left.
You didn't know any spells.
Your spell library contained the following spells:

 Spells                   Type           Power        Failure   Level
 Animate Skeleton         Necr           #.....       98%         1
 Pain                     Necr           #...         98%         1
 Shock                    Conj/Air       #...         98%         1
 Swiftness                Air            #.......     99%         2
 Confusing Touch          Hex            #.......     100%        3
 Spider Form              Tmut/Pois      #.........   100%        3
 Static Discharge         Conj/Air       #.......     100%        3
 Vampiric Draining        Necr           #.........   100%        3
 Airstrike                Air            #.........   100%        4
 Animate Dead             Necr           #.........   100%        4
 Fulminant Prism          Conj/Hex       #.........   100%        4
 Agony                    Necr           #.......     100%        5
 Alistair's Intoxication  Tmut/Pois      #........    100%        5
 Lightning Bolt           Conj/Air       #.........   100%        5
 Yara's Violent Unravell  Hex/Tmut       #.........   100%        5


Dungeon Overview and Level Annotations

Branches:
Dungeon (11/15)            Temple (1/1) D:4            Lair (0/6) D:9
Ossuary (visited)
    Orc: D:9-12

Altars:
Ashenzari
Cheibriados
Dithmenos
Elyvilon
Fedhas
Gozag
Hepliaklqana
Kikubaaqudgha
Makhleb
Nemelex Xobeh
Okawaru
Qazlal
Ru
Sif Muna
Trog
Uskayaw
Vehumet
Wu Jian
Xom
Yredelemnul
Zin
The Shining One

Shops:
D:10 (

Annotations:
D:5 2 transporters
D:11 Sonja


Innate Abilities, Weirdness & Mutations

You are resistant to damage.
You can heal yourself by infusing magical energy.
You passively map the area around you.
You do not regenerate.


Message History

You kill the raiju!
Makhleb accepts your kill.
You block the tentacled starspawn's attack.
The tentacled starspawn barely misses you.
You hit the tentacled starspawn.
The tentacled starspawn is lightly damaged.
The tentacled starspawn bites you but does no damage.
The tentacled starspawn engulfs you!
* * * LOW HITPOINT WARNING * * *
You hit the tentacled starspawn.
The tentacled starspawn is lightly damaged.
Tentacles burst from the starspawn's body! 2 starspawn tentacles come into view.
You slash the tentacled starspawn!
The tentacled starspawn is moderately damaged.
You slash the tentacled starspawn!
The tentacled starspawn is moderately damaged.
The tentacled starspawn barely misses you.
The tentacled starspawn engulfs you!
You die...

..# .## #. #
...## .# ...
#.#... #.#.##
##..#...#. ##
# .#.##....#
. # ...##
##.##..#
#..### #. ##
#.##w#..##w.#
. # #.@X##.#.
# ##
###w.#..#.#
###.#.#.
###..## #. ##


You could see a tentacled starspawn and 2 starspawn tentacles.

Vanquished Creatures
  Erolcha (D:9)
  Harold (D:8)
  A two-headed ogre (D:10)
  Urug (D:10)
  A manticore (D:7)
  A centaur zombie (D:10)
  A troll (D:9)
  A hornet (D:9)
  A raiju (Abyss:1)
  3 hippogriffs
  A wyvern (D:8)
  A basilisk (D:9)
  7 yaks
  3 ice beasts
  7 orc warriors
  4 porcupines (D:9)
  4 sky beasts
  6 ogres
  5 phantoms
  3 centaurs
  3 crocodiles (D:9)
  2 elf zombies (Ossuary)
  5 bullfrogs
  A gnoll sergeant (D:6)
  A wyvern zombie (D:8)
  A wyvern skeleton (D:11)
  4 scorpions
  2 water moccasin skeletons
  10 wights
  2 howler monkeys
  A bullfrog zombie (D:6)
  2 bullfrog skeletons
  8 hounds
  A jelly (D:7)
  11 orc wizards
  8 orc priests
  A centaur skeleton (D:7)
  3 iguanas (D:5)
  6 worker ants
  A big kobold zombie (Ossuary)
  3 mummies (Ossuary)
  A hound zombie (D:5)
  A worker ant zombie (D:5)
  9 gnolls
  6 adders
  A shadow imp (D:7)
  3 white imps
  4 ufetubi
  An ooze (D:6)
  5 adder zombies
  2 worms (D:3)
  3 dart slugs
  4 leopard geckos
  65 orcs
  3 bats
  5 giant cockroaches
  A goblin (D:2)
  2 hobgoblins
  20 jackals
  4 kobolds
  2 quokkas
  3 frilled lizards
  3 goblin zombies (Ossuary)
  2 hobgoblin zombies (Ossuary)
  A kobold zombie (Ossuary)
  2 quokka zombies (Ossuary)
  5 rats
  4 rat zombies (Ossuary)
  A bush (D:9)
  5 plants (D:9)
297 creatures vanquished.

Vanquished Creatures (others)
  2 starspawn tentacles (Abyss:1)
2 creatures vanquished.

Grand Total: 299 creatures vanquished

Notes
Turn   | Place    | Note
-------+----------+-------------------------------------------
     0 | D:1      | Belboz the Deep Dwarf Fighter began the quest for the Orb.
     0 | D:1      | Reached XP level 1. HP: 20/20 MP: 1/1
   632 | D:1      | Reached XP level 2. HP: 27/27 MP: 2/2
   751 | D:2      | Reached skill level 3 in Axes
   759 | D:2      | Reached XP level 3. HP: 30/34 MP: 3/3
   901 | D:2      | You fall into a shaft and drop 2 floors!
   942 | D:4      | Noticed an ogre
   943 | D:4      | Noticed a phantom
   955 | D:5      | Entered Level 5 of the Dungeon
  1007 | D:5      | Reached skill level 4 in Axes
  1007 | D:5      | Reached XP level 4. HP: 17/42 MP: 4/4
  1063 | D:5      | Reached skill level 5 in Axes
  1088 | D:5      | Reached XP level 5. HP: 36/49 MP: 5/5
  1156 | D:5      | Noticed an ice beast
  1171 | D:5      | Killed an ice beast
  1171 | D:5      | Reached skill level 6 in Axes
  1171 | D:5      | Reached XP level 6. HP: 42/56 MP: 6/6
  1176 | D:5      | Noticed a sky beast
  1194 | D:5      | Killed a sky beast
  1194 | D:5      | Reached skill level 7 in Axes
  1248 | D:5      | Reached XP level 7. HP: 19/62 MP: 6/6
  1251 | D:5      | Reached skill level 8 in Axes
  1357 | D:4      | Reached skill level 9 in Axes
  1777 | D:4      | Found a staircase to the Ecumenical Temple.
  1794 | Temple   | Entered the Ecumenical Temple
  2529 | D:2      | Found a glowing golden altar of the Shining One.
  2580 | D:2      | Found a sparkling altar of Nemelex Xobeh.
  3058 | D:5      | Found a hide-covered altar of Uskayaw.
  3127 | D:5      | Reached skill level 10 in Axes
  3127 | D:5      | Reached XP level 8. HP: 14/69 MP: 5/5
  3263 | D:5      | Found a transporter.
  3268 | D:5      | Noticed a kobold demonologist
  3292 | D:5      | Found a transporter.
  3429 | D:5      | Found a burning altar of Makhleb.
  3765 | D:6      | Reached skill level 11 in Axes
  3804 | D:6      | HP: 3/69 [orc warrior/+0 long sword (16)]
  3959 | D:6      | Reached skill level 12 in Axes
  4360 | D:6      | Gained mutation: You passively map the area around you.
                  | [Deep Dwarf growth]
  4360 | D:6      | Reached XP level 9. HP: 38/75 MP: 4/4
  4543 | D:5      | Became a worshipper of Makhleb the Destroyer
  4639 | D:7      | Found a sand-covered staircase.
  4671 | Ossuary  | Entered an ossuary
  4912 | D:7      | Reached skill level 13 in Axes
  4935 | D:7      | Reached * piety under Makhleb
  5216 | D:7      | Identified the Collected Works on Toxic Enchantment
  5235 | D:7      | Reached skill level 14 in Axes
  5596 | D:7      | Noticed a manticore
  5610 | D:7      | Killed a manticore
  5672 | D:7      | Reached ** piety under Makhleb
  5827 | D:8      | Reached XP level 10. HP: 65/84 MP: 4/4
  6006 | D:8      | Reached skill level 1 in Invocations
  6025 | D:8      | Noticed Harold
  6039 | D:8      | Killed Harold
  6039 | D:8      | Reached skill level 15 in Axes
  7059 | D:9      | Noticed Erolcha
  7064 | D:9      | Killed Erolcha
  7064 | D:9      | Reached skill level 5 in Armour
  7064 | D:9      | Reached skill level 5 in Shields
  7158 | D:9      | Reached *** piety under Makhleb
  7372 | D:9      | Reached skill level 5 in Invocations
  7437 | D:9      | Found a staircase to the Lair.
  7450 | D:9      | Reached XP level 11. HP: 79/90 MP: 8/8
  7475 | D:9      | Reached skill level 16 in Axes
  7614 | D:9      | Found a burning altar of Makhleb.
  7616 | D:9      | Found a shattered altar of Ashenzari.
  7616 | D:9      | Found a shadowy altar of Dithmenos.
  7618 | D:9      | Found a blossoming altar of Fedhas.
  7618 | D:9      | Found a glowing golden altar of the Shining One.
  7618 | D:9      | Found a shimmering altar of Xom.
  7756 | D:9      | Found a hazy altar of Hepliaklqana.
  7756 | D:9      | Found a sacrificial altar of Ru.
  7756 | D:9      | Found a basalt altar of Yredelemnul.
  7758 | D:9      | Found a shadowy altar of Dithmenos.
  7760 | D:9      | Found a blossoming altar of Fedhas.
  7761 | D:9      | Found an iron altar of Okawaru.
  8009 | D:10     | Entered Level 10 of the Dungeon
  8040 | D:10     | Noticed a two-headed ogre
  8045 | D:10     | Killed a two-headed ogre
  8051 | D:10     | Noticed Urug
  8081 | D:10     | Killed Urug
  8259 | D:10     | Reached **** piety under Makhleb
  8259 | D:10     | Reached skill level 1 in Maces & Flails
  8386 | D:10     | Found Byigism's Weapon Boutique.
  8765 | D:11     | Identified the +8 hand axe of the Fox {drain, MR++}
  8868 | D:11     | Noticed Sonja
  8879 | D:11     | Cast into level 1 of the Abyss (Sonja)
  8923 | Abyss:1  | Noticed a tentacled starspawn
  8981 | Abyss:1  | Slain by a tentacled starspawn

Illustrated notes

Levels and vault maps discovered:
D:1:      eino_arrival_water_cross, layout_loops_corners
D:2:      layout_rooms, nemelex_xobeh_ov_fountains_minmay, tso_altar
D:3:      layout_loops_cross
D:4:      layout_cave_pods, minmay_temple_entry_offerings
D:5:      gammafunk_wand_slinger, layout_gridville,
          nicolae_overflow_hidden_temple, lemuel_doored_altar,
          minmay_fountain_box
D:6:      layout_loops_ring, grunt_ministairs_5
D:7:      layout_loops_ring, chequers_ossuary_entry_cave
D:8:      layout_basic, st_stairs_14, minmay_crystal_room, uniq_harold
D:9:      layout_grid_maze, minitemple, minmay_lair_entry_grove, special_room
          [special_room_orc], hangedman_abyss_or_decor_stagger,
          doesnt_xom_only_xom, uniq_erolcha
D:10:     layout_loops_ring, serial_shops, kennysheep_mini_moat,
          hangedman_abyss_or_decor_passed, uniq_urug
D:11:     layout_cave_pools, serial_shops, nicolae_shop_waterfront, uniq_sonja,
          uniq_snorg
Temple:   nicolae_temple_figure_eight
Abyss:1:  base:
D:15

Skill      XL: |  1  2  3  4  5  6  7  8  9 10 11 |
---------------+----------------------------------+-----
Axes           | 3 4 5 6 7 10 12 14 15 16 | 16.0
Fighting       | 3 |  3.0
Shields        | 4 6 7 |  7.9
Invocations    | 5 8 |  8.1
Armour         | 5 |  5.0
Maces & Flails | 2 |  2.5

Action                   |  1- 3 |  4- 6 |  7- 9 | 10-12 || total
-------------------------+-------+-------+-------+-------++-------
Melee: War axe           |    87 |    74 |   496 |       ||   657
       Hand axe          |       |       |    55 |   370 ||   425
Throw: Dart              |       |       |       |     2 ||     2
 Abil: Heal Wounds       |       |     4 |    20 |     7 ||    31
  Use: Scroll            |       |       |    14 |     3 ||    17
       Potion            |       |       |       |     1 ||     1
Armor: Scale mail        |    48 |    43 |    33 |       ||   124
       Chain mail        |       |       |   192 |    90 ||   282
Dodge: Dodged            |    40 |    11 |   137 |    67 ||   255
Block: Kite shield       |    59 |    36 |    32 |       ||   127
       Buckler           |       |       |    98 |    69 ||   167

Table legend: (Time is in decaauts)
 A = Elapsed time spent in this place.
 B = Non-inter-level travel time spent in this place.
 C = Inter-level travel time spent in this place.
 D = Time resting spent in this place.
 E = Time spent auto-exploring this place.
 F = Levels seen in this place.
 G = Mean time per level.
                   A        B        C        D        E       F      G
               +--------+--------+--------+--------+--------+-----+--------+
         Total |   8871 |   8354 |    517 |    428 |   5410 |  14 |  633.6 |
       Dungeon |   8401 |   7894 |    507 |    389 |   5229 |  11 |  763.7 |
        Temple |    192 |    182 |     10 |      0 |    181 |   1 |  192.0 |
         Abyss |    117 |    117 |      0 |     39 |      0 |   1 |  117.0 |
       Ossuary |    160 |    160 |      0 |      0 |      0 |   1 |  160.0 |
               +--------+--------+--------+--------+--------+-----+--------+

Top non-repeatable levels by time:
     D:8: 1210 daAuts
     D:6: 1039 daAuts
     D:7: 983 daAuts
     D:9: 896 daAuts
     D:5: 880 daAuts
     D:4: 828 daAuts
    D:10: 730 daAuts
     D:1: 699 daAuts
     D:3: 536 daAuts
     D:2: 494 daAuts
  Temple: 192 daAuts
 Ossuary: 160 daAuts
 Abyss:1: 117 daAuts
    D:11: 100 daAuts
